 Dungeon Crawl Stone Soup version 0.23.2-30-g0e89c35649 (webtiles) character file.

Game seed: 802556322552448544

130 diana the Shield-Bearer (level 4, -1/41 HPs)
             Began as a Minotaur Fighter on June 12, 2019.
             Killed from afar by Natasha (7 damage)
             ... with a magic dart
             ... on level 3 of the Dungeon.
             The game lasted 00:01:37 (1224 turns).

diana the Shield-Bearer (Minotaur Fighter)          Turns: 1224, Time: 00:01:37

Health: -1/41      AC:  7    Str: 21    XL:     4   Next: 89%
Magic:  3/3        EV:  8    Int:  5    God:
Gold:   154        SH:  9    Dex: 10    Spells: 3/3 levels left

rFire    . . .     SeeInvis .   a - +0 war axe
rCold    . . .     Gourm    .   c - +0 shield
rNeg     . . .     Faith    .   b - +0 scale mail
rPois    .         Spirit   .   (helmet restricted)
rElec    .         Reflect  .   (no cloak)
rCorr    .         Harm     .   (no gloves)
MR       .....                  (no boots)
Stlth    ..........             (no amulet)
HPRegen  0.13/turn              (no ring)
MPRegen  0.08/turn              (no ring)

@: slowed, very slow
A: retaliatory headbutt, horns 2
a: no special abilities


You were on level 3 of the Dungeon.
You were not hungry.

You visited 1 branch of the dungeon, and saw 3 of its levels.

You collected 154 gold pieces.

Inventory:

Hand Weapons
 a - a +0 war axe (weapon)
Armour
 b - a +0 scale mail (worn)
 c - a +0 shield (worn)
Jewellery
 h - an uncursed ring of protection from fire {unknown}
 t - an uncursed amulet of faith {unknown}
Scrolls
 e - a scroll of amnesia {unknown}
 i - a scroll of fear {unknown}
 j - 4 scrolls of identify {unknown}
 n - a scroll of noise {unknown}
 o - a scroll of enchant weapon {unknown}
 p - a scroll of magic mapping {unknown}
 u - a scroll of teleportation {unknown}
Potions
 d - a potion of might
 g - a potion of cancellation {unknown}
 k - a potion of heal wounds {unknown}
 l - 2 potions of curing {unknown}
 m - a potion of lignification {unknown}
 q - a potion of flight {unknown}
 r - a potion of resistance {unknown}
 s - a potion of agility {unknown}
Comestibles
 f - 9 rations


   Skills:
 + Level 4.3 Fighting
 + Level 3.4 Axes
 + Level 4.4 Armour
 + Level 1.9 Dodging
 + Level 4.5 Shields


You had 3 spell levels left.
You didn't know any spells.
Your spell library was empty.

Dungeon Overview and Level Annotations

Branches:
Dungeon (3/15)

Altars:
Kikubaaqudgha

Annotations:
D:3 Natasha


Innate Abilities, Weirdness & Mutations

You reflexively headbutt those who attack you in melee.
You have a pair of horns on your head.


Message History

* * * LOW HITPOINT WARNING * * *
You block the frilled lizard's attack. The bat closely misses you.
The frilled lizard bites you.
* * * LOW HITPOINT WARNING * * *
You barely miss the frilled lizard.
Your headbutt misses the frilled lizard.
Your shield and scale mail prevent you from hitting the bat.
The bat barely misses you.
You block the frilled lizard's attack. x2
Unknown command.
You slice the frilled lizard!!
You kill the frilled lizard!
You block the bat's attack. The bat hits you.
* * * LOW HITPOINT WARNING * * *
Unknown command.
You hit the bat.
You kill the bat!
Natasha, Servant of Life and Death comes into view.
Natasha stares at you and mumbles some strange words.
The magic dart hits you!
You die...

... ##.#..........
.###### .......h.....
.#..... ............
.....# #.........>. ...#
#......<.... .###
#........... .####
#...†[...... ....#
#..........
###.############@....##..
....................##
####................#
#########........#
#.(....).# ##########


You could see Natasha.

Vanquished Creatures
  Natasha (twice) (D:3)
  2 adders (D:2)
  2 oozes
  3 leopard geckos
  2 ball pythons
  8 bats
  5 giant cockroaches
  2 hobgoblins
  6 jackals
  3 kobolds (D:1)
  2 quokkas (D:2)
  3 frilled lizards
  5 goblins
  4 rats
49 creatures vanquished.

Notes
Turn   | Place    | Note
-------+----------+-------------------------------------------
     0 | D:1      | diana the Minotaur Fighter began the quest for the Orb.
     0 | D:1      | Reached XP level 1. HP: 19/19 MP: 0/0
   110 | D:1      | Reached XP level 2. HP: 27/27 MP: 1/1
   655 | D:2      | Reached skill level 1 in Dodging
   696 | D:2      | Reached XP level 3. HP: 22/33 MP: 2/2
   704 | D:2      | Found an ancient bone altar of Kikubaaqudgha.
  1066 | D:3      | Noticed Natasha
  1072 | D:3      | Reached XP level 4. HP: 27/40 MP: 3/3
  1074 | D:3      | Killed Natasha
  1209 | D:3      | Noticed Natasha
  1219 | D:3      | Killed Natasha
  1223 | D:3      | Noticed Natasha
  1224 | D:3      | Killed from afar by Natasha

Skill      XL: |  1  2  3 |
---------------+----------+-----
Shields        | 4 |  4.5
Armour         | 4 |  4.4
Dodging        | 1 |  1.9
Fighting       | 4 |  4.3
Axes           | 3 |  3.4

Action                   |  1- 3 |  4- 6 || total
-------------------------+-------+-------++-------
Melee: War axe           |    81 |    25 ||   106
       Headbutt          |    10 |     2 ||    12
  Eat: Chunk             |       |     1 ||     1
Armor: Scale mail        |    34 |    11 ||    45
Dodge: Dodged            |    29 |    11 ||    40
Block: Shield            |    49 |    32 ||    81
